Map: Abiogenesis LE

Players

Jorell

  • Race: Protoss Protoss
  • League: Gold
  • Spawn Location: 11:00

Infamous - Winner!

  • Race: Protoss Protoss
  • League: Gold
  • Spawn Location: 5:00

VOD

Have the link to the VOD?

Description

Time

  • Played on: April 23, 2018, 4:10 p.m.
  • Length: 12:01
Show
View Real Time Build Order
Export as new Build Order

Jorell Protoss 

Build Orders:  

Get SALT Encoding   

  12  0:02  Probe  
  13  0:14  Probe  
  14  0:19  Pylon  
  14  0:26  Probe  
  15  0:38  Probe  
  15  0:40  Forge  
  16  0:46  Probe  
  17  0:58  Probe  
  18  1:09  Gateway  
  17  1:37  Pylon  
  17  1:50  Nexus  
  17  1:55  Pylon  
  17  2:02  Cybernetics Core, Assimilator  
  17  2:06  Assimilator  
  17  2:11  Probe  
  18  2:19  Probe  
  18  2:29  Probe  
  19  2:32  Warp Gate  
  20  2:41  Probe  
  21  2:53  Probe  
  22  3:10  Robotics Facility  
  22  3:16  Gateway  
  22  3:18  Probe x2  
  24  3:21  Stalker  
  26  3:30  Probe x2  
  27  3:42  Probe  
  28  4:03  Stalker  
  28  4:04  Stalker  
  28  4:09  Immortal, Shield Battery  
  31  4:21  Protoss Ground Weapons Level 1  
  31  4:22  Probe x2  
  35  4:30  Probe x2  
  37  4:36  Stalker  
  41  4:40  Probe x2  
  41  4:42  Assimilator  
  43  4:47  Observer  
  43  4:48  Stalker  
  43  4:52  Probe x2  
  48  5:04  Probe  
  49  5:11  Probe  
  50  5:16  Probe, Assimilator  
  50  5:18  Stalker  
  53  5:26  Pylon  
  53  5:41  Immortal  
  53  5:49  Probe x2  
  59  5:54  Nexus  
  59  5:59  Pylon  
  59  6:01  Probe  
  60  6:18  Immortal  
  64  6:57  Probe  
  64  6:58  Probe  
  64  7:00  Stalker x2  
  70  7:07  Observer  
  67  7:08  Pylon  
  67  7:09  Probe  
  67  7:10  Probe, Pylon  
  67  7:12  Pylon  
  70  7:17  Probe  
  70  7:22  Probe  
  72  7:29  Probe  
  71  7:33  Stalker x2  
  75  7:42  Probe  
  65  7:54  Probe  
  66  8:05  Pylon  
  66  8:08  Protoss Air Weapons Level 1  
  66  8:15  Stargate  
  66  8:17  Stargate x2  
  66  8:19  Stargate  
  65  8:37  Stalker x2  
  69  8:42  Probe x2  
  69  8:45  Probe  
  72  8:50  Probe  
  71  8:58  Probe  
  71  9:02  Stalker  
  74  9:08  Probe x2  
  76  9:10  Probe  
  77  9:20  Probe  
  78  9:24  Void Ray x4  
  89  9:36  Probe x3  
  92  9:41  Assimilator  
  92  9:43  Assimilator  
  92  9:48  Probe x2  
  94  9:59  Fleet Beacon  
  91  10:09  Void Ray  
  95  10:17  Probe x3  
  90  10:30  Stalker x2  
  65  10:49  Immortal  
  45  11:09  Void Ray x3  
  45  11:10  Stalker x2  
Show
View Real Time Build Order
Export as new Build Order

Infamous Protoss - Winner!

Build Orders:  

Get SALT Encoding   

  12  0:01  Probe  
  13  0:14  Pylon  
  13  0:18  Probe  
  14  0:33  Probe  
  14  0:34  Gateway  
  15  0:41  Probe  
  15  0:49  Assimilator  
  16  1:00  Probe  
  17  1:20  Probe, Zealot  
  20  1:25  Cybernetics Core  
  20  1:41  Zealot  
  20  1:50  Probe  
  20  1:54  Assimilator  
  23  1:55  Pylon  
  23  2:13  Probe  
  23  2:15  Robotics Facility  
  26  2:26  Probe, Warp Gate  
  26  2:27  Stalker  
  25  2:39  Pylon  
  27  2:49  Probe  
  28  2:59  Pylon  
  28  3:11  Probe  
  29  3:19  Observer  
  30  3:21  Nexus  
  30  3:23  Probe  
  31  3:35  Probe  
  32  3:42  Robotics Bay  
  32  3:54  Immortal  
  32  3:56  Probe  
  37  4:08  Probe  
  38  4:16  Shield Battery  
  36  4:28  Extended Thermal Lance  
  36  4:32  Probe, Gateway  
  37  4:38  Probe  
  37  4:40  Probe  
  37  4:43  Pylon  
  39  4:49  Disruptor  
  39  4:50  Probe  
  43  4:53  Probe  
  43  4:58  Zealot  
  46  5:03  Probe  
  47  5:19  Warp Prism  
  47  5:21  Pylon  
  47  5:23  Pylon  
  47  5:24  Stalker  
  47  5:26  Probe x2  
  53  5:38  Probe x2  
  55  5:44  Assimilator  
  55  5:48  Assimilator  
  55  5:54  Forge, Stalker  
  57  6:03  Probe x2  
  59  6:18  Colossus  
  59  6:22  Protoss Ground Weapons Level 1  
  59  6:23  Stalker  
  67  6:34  Probe x2  
  69  6:42  Stargate  
  69  6:45  Shield Battery  
  69  6:48  Photon Cannon  
  69  7:04  Shield Battery  
  69  7:07  Photon Cannon  
  69  7:09  Photon Cannon  
  69  7:10  Stalker  
  69  7:11  Stalker  
  69  7:12  Probe x2  
  75  7:34  Probe x2  
  77  7:46  Probe  
  77  7:47  Probe  
  77  7:48  Stalker x2  
  83  8:12  Stalker  
  85  8:20  Nexus  
  85  8:22  Pylon  
  85  8:24  Pylon  
  85  8:29  Protoss Ground Armor Level 1  
  85  8:36  Immortal  
  85  8:37  Pylon  
  85  8:38  Probe  
  85  8:40  Void Ray  
  85  8:41  Probe  
  91  8:42  Stalker  
  91  8:43  Stalker  
  99  9:06  Probe  
  99  9:07  Probe  
  99  9:09  Pylon  
  101  9:11  Pylon  
  101  9:12  Stalker x2  
  105  9:19  Void Ray  
  109  9:35  Colossus  
  115  9:46  Probe x3  
  115  9:51  Gateway  
  115  9:52  Gateway  
  118  9:54  Gateway  
  118  9:58  Probe x2  
  120  10:10  Stalker  
  120  10:11  Stalker  
  108  10:49  Stalker  
  98  10:50  Stalker  
  100  11:00  Void Ray  
  100  11:01  Immortal  
  103  11:26  Twilight Council  
  103  11:30  Gateway  
  103  11:31  Gateway  
  103  11:34  Stalker x5  
Tags
 
League
GoldGold
Matchup
PvP
Replay Pack
Last Remnant (2)
Spawn Locations
Cross Positions
Add a new tag
Caveats
  • Supply blocks, unpowered buildings, or Contaminate may cause inaccurate times.
  • Supply counts are checked every 10 seconds.